 Dungeon Crawl Stone Soup version 0.30-a0-930-gb9d0489357 (webtiles) character file.

Game seed: 5226103271661717693

1407 bearlyready the Cleaver (level 8, -6/99 HPs)
             Began as an Armataur Berserker on Mar 24, 2023.
             Was a Priest of Trog.
             Mangled by an ogre
             ... wielding a +0 giant spiked club
              (18 damage)
             ... on level 6 of the Dungeon.
             The game lasted 00:05:22 (5130 turns).

bearlyready the Cleaver (Armataur Berserker)        Turns: 5130, Time: 00:05:23

Health: -6/99      AC:  7    Str: 24    XL:     8   Next: 42%
Magic:  8/8        EV:  9    Int:  8    God:    Trog [***...]
Gold:   356        SH:  0    Dex: 16    Spells: 7/7 levels left

rFire   . . .      SeeInvis .    a - +0 hand axe
rCold   . . .      Faith    .    (no shield)
rNeg    . . .      Spirit   .    j - +0 ring mail
rPois   .          Reflect  .    n - +0 helmet
rElec   .          Roll     +    (no cloak)
rCorr   .                        (no gloves)
Will    .....                    (no barding) Stlth
                                 p - amulet of magic regeneration
HPRegen 0.36/turn                k - +6 ring of dexterity
MPRegen 0.51/turn                (no ring)

@: berserking, very quick
A: large, rugged brown scales 3, deformed body, armoured tail, roll, long
tongue, awkward tongue
a: Renounce Religion, Berserk, Trog's Hand


You were on level 6 of the Dungeon.
You worshipped Trog.
Trog was most pleased with you.
You visited 1 branch of the dungeon, and saw 6 of its levels.

You collected 356 gold pieces.

Inventory:

Hand Weapons
 a - a +0 hand axe (weapon)
 A - a +0 war axe
Missiles
 d - 86 stones (quivered)
 i - 8 boomerangs
 l - a throwing net
 s - 4 poisoned darts
Armour
 j - a +0 ring mail (worn)
 n - a +0 helmet (worn)
Jewellery
 k - a +6 ring of dexterity (left hand)
 p - an amulet of magic regeneration (around neck)
Scrolls
 b - a scroll of immolation {unknown}
 e - 4 scrolls of identify {unknown}
 f - a scroll of teleportation
 g - a scroll of blinking {unknown}
 h - 2 scrolls of vulnerability {unknown}
 o - 3 scrolls of enchant weapon {unknown}
 u - 3 scrolls of poison {unknown}
 y - 2 scrolls of enchant armour {unknown}
 z - a scroll of amnesia {unknown}
 B - a scroll of torment {unknown}
Potions
 c - 2 potions of heal wounds {unknown}
 m - 2 potions of magic {unknown}
 q - 2 potions of cancellation {unknown}
 r - 5 potions of curing
 t - a potion of attraction {unknown}
 v - a potion of resistance {unknown}
 w - a potion of berserk rage {unknown}
 x - 2 potions of lignification {unknown}


   Skills:
 - Level 2.6 Fighting
 + Level 9.1 Axes
 - Level 2.4 Armour
 - Level 1.3 Dodging


You had 7 spell levels left.
You didn't know any spells.
Your spell library was empty.

Dungeon Overview and Level Annotations

Branches:
Dungeon (6/15)             Temple (0/1) D:4

Altars:
Nemelex Xobeh
Qazlal
Uskayaw
The Shining One


Innate Abilities, Weirdness & Mutations

You are completely covered in rugged brown scales. (AC +3, +7% HP)
Armour fits poorly on your strangely shaped body.
You have a long armoured tail.
You roll when moving toward enemies. (Rampage)
Your long tongue fully drains potion bottles. (2x potion effects)
Your tongue gives you trouble enunciating. (1.5x scroll delay)


Message History

The gnoll barely misses you.
An ogre comes into view. It is wielding a +0 giant spiked club.
An orc comes into view. It is wielding a +0 short sword.
You hit the gnoll bouda.
The gnoll bouda is moderately wounded.
The gnoll hits you from afar with a +0 spear.
* * * LOW HITPOINT WARNING * * *
You closely miss the gnoll bouda.
The gnoll bouda is moderately wounded.
The gnoll bouda hits you with a +0 club.
* * * LOW HITPOINT WARNING * * *
A phantom comes into view.
You slash the gnoll bouda! You tail-slap the gnoll bouda.
You kill the gnoll bouda!
Trog accepts your kill.
The gnoll hits you from afar with a +0 spear.
* * * LOW HITPOINT WARNING * * *
An ice beast comes into view.
Found a falchion.
The ice beast moves out of view.
There is an open door, spattered with blood here.
Items here: $ )) [ †.
You closely miss the gnoll. The gnoll barely misses you.
You slash the gnoll!
You kill the gnoll!
Trog accepts your kill.
You slash the gnoll!
The gnoll is almost dead.
The gnoll hits you but does no damage.
You slash the gnoll!
You kill the gnoll!
Trog accepts your kill.
You are too berserk!
You roll towards the ogre!
You closely miss the ogre. You tail-slap the ogre!!
The ogre is severely wounded.
You slash the orc!
You kill the orc!
Trog accepts your kill.
You hit the ice beast.
The ogre hits you with a +0 giant spiked club!!
You die...

### ... # ...
.# .## # #.##
#. ####O..####
#.##[.@)W...)#
#..##)#Yo.####
#####..#)##.##
..<...).).#.#
.....#...## #
... #.#..## .
#.....#
#.#.#...#
#....##
#..##..†#####
#.# ..##


You could see an ice beast, an ogre, a phantom and an orc.

Vanquished Creatures
  A wyvern (D:6)
  Menkaure (D:4)
  Duvessa (D:4)
  A water moccasin (D:6)
  An ogre (D:6)
  A centaur (D:6)
  2 scorpions
  Dowan (D:4)
  5 hounds
  A gnoll bouda (D:6)
  A jelly (D:6)
  A sleepcap (D:6)
  An iguana (D:4)
  Natasha (thrice) (D:2)
  Robin (D:2)
  8 gnolls
  7 adders
  A white imp (D:5)
  2 ufetubi
  2 worms (D:2)
  3 dart slugs
  5 orcs
  An endoplasm (D:4)
  4 giant cockroaches
  14 goblins
  4 hobgoblins
  7 jackals
  A quokka (D:4)
  8 ball pythons
  3 bats
  2 frilled lizards
  9 kobolds
  4 rats
107 creatures vanquished.

Notes
Turn   | Place    | Note
-------+----------+-------------------------------------------
     0 | D:1      | bearlyready the Armataur Berserker began the quest for the
                  | Orb.
     0 | D:1      | Reached XP level 1. HP: 19/19 MP: 1/1
   147 | D:1      | Reached XP level 2. HP: 22/26 MP: 2/2
   156 | D:1      | Reached skill level 3 in Axes
   527 | D:1      | Found a faded altar of an unknown god.
   775 | D:2      | Noticed Natasha
   782 | D:2      | Killed Natasha
   783 | D:2      | Reached XP level 3. HP: 4/32 MP: 3/3
  1026 | D:2      | Reached skill level 4 in Axes
  1026 | D:2      | Reached XP level 4. HP: 22/39 MP: 4/4
  1101 | D:2      | Noticed Natasha
  1106 | D:2      | Killed Natasha
  1126 | D:2      | Noticed Robin
  1126 | D:2      | Noticed Natasha
  1140 | D:2      | Killed Natasha
  1141 | D:2      | Reached XP level 5. HP: 38/44 MP: 5/5
  1142 | D:2      | Reached ** piety under Trog
  1148 | D:2      | Killed Robin
  1149 | D:2      | Reached skill level 5 in Axes
  2668 | D:3      | Found a stormy altar of Qazlal.
  2952 | D:4      | Found a staircase to the Ecumenical Temple.
  3129 | D:4      | Found a glowing golden altar of the Shining One.
  3310 | D:4      | Noticed Menkaure
  3320 | D:4      | Killed Menkaure
  3321 | D:4      | Reached skill level 6 in Axes
  3321 | D:4      | Reached XP level 6. HP: 17/53 MP: 6/6
  3596 | D:4      | Noticed Duvessa
  3596 | D:4      | Noticed Dowan
  3607 | D:4      | Killed Dowan
  3617 | D:4      | Killed Duvessa
  3618 | D:4      | Reached XP level 7. HP: 20/59 MP: 7/7
  3918 | D:5      | Entered Level 5 of the Dungeon
  4031 | D:5      | Reached skill level 7 in Axes
  4086 | D:5      | Found a hide-covered altar of Uskayaw.
  4140 | D:5      | Noticed a +0 hand axe
  4140 | D:5      | Noticed a +0 dagger
  4559 | D:5      | Found a sparkling altar of Nemelex Xobeh.
  4669 | D:6      | Noticed a wyvern
  4904 | D:6      | Killed a wyvern
  4905 | D:6      | Reached skill level 8 in Axes
  4905 | D:6      | Reached XP level 8. HP: 66/66 MP: 8/8
  5115 | D:6      | Reached skill level 9 in Axes
  5124 | D:6      | Reached *** piety under Trog
  5130 | D:6      | Mangled by an ogre

Illustrated notes

Levels and vault maps discovered:
D:1:      amcnicky_arrival_feature_with_door, layout_loops_cross,
          basic_ecumenical_altar
D:2:      layout_basic, grunt_decor_fettered, minmay_randomly_rotated_circles,
          uniq_natasha, uniq_robin
D:3:      layout_basic, lemuel_coloured_pillars_altar
D:4:      layout_gridville, nicolae_tso_carved_into_rock,
          minmay_temple_entry_nine_rooms, hangedman_decor_clover_reticule,
          uniq_duvessa, uniq_menkaure
D:5:      layout_cave_pools, kennysheep_mini, dancing_weapons_uskayaw,
          hangedman_decor_growths
D:6:      layout_rooms, trog_wizard, minmay_fractal_squares_gapless_5

Skill      XL: |  1  2  3  4  5  6  7  8 |
---------------+-------------------------+-----
Axes           | 3 4 6 8 9 |  9.1
Fighting       | |  2.6
Armour         | |  2.4
Dodging        | |  1.3

Action                     |  1- 3 |  4- 6 |  7- 9 || total
---------------------------+-------+-------+-------++-------
  Melee: Hand axe          |    61 |   130 |   126 ||   317
         Tailslap          |     9 |    12 |    16 ||    37
         Punch             |     1 |     1 |     2 ||     4
 Invoke: Berserk           |     1 |     3 |     2 ||     6
    Use: Scroll            |       |       |     1 ||     1
         Potion            |       |       |     1 ||     1
 Armour: Animal skin       |    19 |       |       ||    19
         Ring mail         |     1 |    44 |    45 ||    90
  Dodge: Dodged            |    42 |    62 |    45 ||   149

Table legend: (Time is in decaauts)
 A = Elapsed time spent in this place.
 B = Non-inter-level travel time spent in this place.
 C = Inter-level travel time spent in this place.
 D = Time resting spent in this place.
 E = Time spent auto-exploring this place.
 F = Levels seen in this place.
 G = Mean time per level.
                   A        B        C        D        E       F      G
               +--------+--------+--------+--------+--------+-----+--------+
         Total |   5161 |   5011 |    150 |    150 |   4242 |   6 |  860.2 |
       Dungeon |   5161 |   5011 |    150 |    150 |   4242 |   6 |  860.2 |
               +--------+--------+--------+--------+--------+-----+--------+

Top non-repeatable levels by time:
     D:4: 1216 daAuts
     D:2: 1133 daAuts
     D:3: 861 daAuts
     D:1: 744 daAuts
     D:5: 732 daAuts
     D:6: 474 daAuts
